AoeStats
← BuMm

Arabia

510174093Analyzed
4v4 RM · 3d ago on Sep 29, 2026· 52m 58s· 8 players
Game mode
Random Map
Map size
Large (8 player)
Population
200
Speed
Normal
Resources
Standard
Victory
Conquest
Starting age
Dark Age
Ending age
Imperial Age
RankedLock teamsTeams togetherTeam positionsShared explorationLock speedFull tech treeHidden civsTurbo modeCheats
Victory
Defeat
🇪🇸 Franks · Spain
1356
+18
1336
+18
🇮🇳 Poles · India
1333
+18
🇪🇸 Ethiopians · Spain
1328
+19
🇦🇷 Varangians · Argentina
1558
-25
🇦🇷 Franks · Argentina
1372
-18
🇦🇷 Maya · Argentina
1362
-17
🇦🇷 Vietnamese · Argentina
1258
-13
wilkerbrice12
6:28 Loom
8:52 Feudal Age
9:44 Double-Bit Axe
10:51 Wheelbarrow
14:22 Scale Barding Armor
17:54 Forging
17:52 Gold Mining
25:02 Castle Age
23:38 Stone Mining
25:29 Light Cavalry
26:10 Husbandry
26:31 Chain Barding Armor
28:08 Bow Saw
29:57 Iron Casting
31:53 Hand Cart
31:26 Town Watch
33:00 Gold Shaft Mining
40:29 Imperial Age
41:50 Plate Barding Armor
40:56 Cavalier
44:17 Fletching
49:19 Blast Furnace
49:36 Paladin
51:10 Bodkin Arrow
Ponfe
6:46 Loom
9:23 Feudal Age
10:18 Double-Bit Axe
14:45 Horse Collar
17:50 Gold Mining
18:37 Fletching
19:58 Padded Archer Armor
25:24 Castle Age
25:39 Crossbowman
26:15 Bodkin Arrow
28:05 Bow Saw
28:31 Gold Shaft Mining
27:59 Heavy Plow
28:17 Thumb Ring
31:19 Ballistics
31:55 Forging
34:55 Wheelbarrow
34:06 Town Watch
35:02 Stone Mining
36:02 Leather Archer Armor
37:49 Hand Cart
41:47 Imperial Age
42:40 Coinage
41:49 Arbalester
42:30 Bracer
43:32 Chemistry
43:18 Conscription
44:38 Ring Archer Armor
47:02 Siege Engineers
47:07 Masonry
49:12 Banking
51:19 Architecture
50:45 Murder Holes
50:47 Halberdier
51:13 Arson
51:29 Squires
51:30 Scale Mail Armor
52:05 Iron Casting
52:20 Town Patrol
53:24 Two-Man Saw
GdR_Johnny Vacanzieri
5:48 Loom
9:17 Feudal Age
15:03 Fletching
19:20 Padded Archer Armor
25:21 Horse Collar
30:42 Castle Age
31:34 Bodkin Arrow
31:33 Double-Bit Axe
31:50 Heavy Plow
33:52 Ballistics
33:49 Leather Archer Armor
34:34 Wheelbarrow
34:30 Bow Saw
36:25 Hand Cart
42:17 Imperial Age
40:37 Crossbowman
41:23 Thumb Ring
41:16 Gold Mining
42:31 Arbalester
43:13 Bracer
44:15 Chemistry
43:37 Conscription
43:39 Elite Skirmisher
46:23 Ring Archer Armor
50:15 Elite Skirmisher
53:09 Hoardings
52:35 Murder Holes
52:20 Treadmill Crane
53:20 Stone Mining
VedtheAssasin
7:12 Loom
9:23 Feudal Age
10:44 Double-Bit Axe
15:41 Wheelbarrow
15:19 Bloodlines
19:15 Castle Age
18:53 Gold Mining
19:57 Scale Barding Armor
23:33 Husbandry
27:58 Forging
34:26 Fletching
34:57 Chain Barding Armor
36:28 Hand Cart
49:02 Bow Saw
BuMm
0:27 Loom
8:52 Feudal Age
10:00 Double-Bit Axe
13:07 Fletching
14:42 Padded Archer Armor
23:15 Castle Age
21:48 Horse Collar
22:02 Gold Mining
23:17 Crossbowman
23:53 Bodkin Arrow
28:02 Leather Archer Armor
27:38 Town Watch
29:15 Wheelbarrow
28:52 Bow Saw
31:55 Hand Cart
36:39 Ballistics
37:12 Stone Mining
41:39 Imperial Age
40:45 Heavy Plow
41:11 Thumb Ring
42:41 Stone Shaft Mining
42:22 Bracer
41:58 Arbalester
43:47 Chemistry
44:01 Ring Archer Armor
43:46 Squires
43:31 Arson
43:32 Pikeman
44:33 Capped Ram
48:58 Siege Ram
49:47 Scale Mail Armor
49:57 Forging
49:33 Elite Skirmisher
52:11 Treadmill Crane
TVHG.IL Capitano
7:06 Loom
9:48 Feudal Age
11:12 Double-Bit Axe
12:56 Fletching
19:03 Padded Archer Armor
24:47 Castle Age
24:10 Gold Mining
24:04 Horse Collar
25:24 Crossbowman
26:01 Bodkin Arrow
30:56 Ballistics
TVHG.DooM
7:13 Loom
9:32 Feudal Age
18:24 Double-Bit Axe
21:31 Scale Barding Armor
24:06 Castle Age
23:06 Forging
26:01 Bow Saw
26:02 Husbandry
26:36 Chain Barding Armor
26:52 Iron Casting
29:01 Wheelbarrow
28:11 Town Watch
31:55 Gold Mining
32:31 Hand Cart
45:35 Imperial Age
45:51 Town Patrol
45:40 Cavalier
45:47 Cavalier
47:24 Paladin
51:07 Plate Barding Armor
52:16 Blast Furnace
52:24 Blast Furnace
TVHG.Ruleman | EX REY
6:34 Loom
9:34 Feudal Age
10:26 Double-Bit Axe
12:24 Bloodlines
17:36 Horse Collar
23:04 Castle Age
21:29 Scale Barding Armor
22:13 Gold Mining
24:08 Forging
24:16 Bow Saw
25:05 Husbandry
28:54 Heavy Plow
30:36 Iron Casting
30:07 Scale Mail Armor
31:27 Chain Barding Armor
37:06 Stone Mining
46:33 Wheelbarrow
46:16 Fletching
Connection lost

Rejoining the realm…

Still unreachable

The connection could not be restored.

Session expired

The server has moved on; the page needs a fresh start.